 Dungeon Crawl Stone Soup version 0.31.0-12-g77e489cdc1 (webtiles) character file.

Game seed: 29397003485015231

43 cbfl8 the Trooper (level 3, 0/43 HPs)
             Began as a Demonspawn Berserker on Feb 23, 2024.
             Was a Believer of Trog.
             Slain by a cerulean imp
             ... wielding a +1 spear
             ... summoned by Natasha
              (5 damage)
             ... on level 2 of the Dungeon.
             The game lasted 00:01:57 (1321 turns).

cbfl8 the Trooper (Demonspawn Berserker)            Turns: 1321, Time: 00:01:58

Health: 0/43       AC:  2    Str: 19    XL:     3   Next: 37%
Magic:  3/3        EV: 12    Int:  7    God:    Trog [**....]
Gold:   46         SH:  0    Dex: 12    Spells: 2/2 levels left

rFire   . . .        a - +0 hand axe
rCold   . . .        (no shield)
rNeg    . . .        b - +0 animal skin
rPois   .            (no helmet)
rElec   .            (no cloak)
rCorr   .            (no gloves)
SInv    .            (no boots)
Will    +....        (no amulet) Stlth
                     j - ring of willpower
HPRegen 0.27/turn    (no ring)
MPRegen 0.08/turn

%: no passive effects
@: berserking (expiring), very quick
A: foul stench 1, weakness stinger 1
a: Renounce Religion, Berserk, Trog's Hand


You were on level 2 of the Dungeon.
You worshipped Trog.
Trog was pleased with you.
You visited 1 branch of the dungeon, and saw 2 of its levels.

You collected 46 gold pieces.

Inventory:

Hand Weapons
 a - a +0 hand axe (weapon)
Armour
 b - a +0 animal skin (worn)
Jewellery
 j - a ring of willpower (left hand)
Talismans
 l - a beast talisman
Scrolls
 c - 2 scrolls of identify {unknown}
 d - a scroll of immolation {unknown}
 g - a scroll of enchant weapon {unknown}
 i - a scroll of fear {unknown}
 k - a scroll of vulnerability {unknown}
Potions
 f - a potion of mutation {unknown}


   Skills:
 + Level 3.4 Fighting
 + Level 3.3 Axes
 + Level 2.0 Armour
 - Level 1.7 Dodging
 * Level 1.3 Evocations


You had 2 spell levels left.
You didn't know any spells.
Your spell library was empty.

Dungeon Overview and Level Annotations

Branches:
Dungeon (2/15)

Altars:

Annotations:
D:2 Natasha


Innate Abilities, Weirdness & Mutations

You may rarely emit foul miasma when damaged in melee.
You have a small tail.


Message History

The cerulean imp hits you from afar with a +1 spear.
There are monsters nearby!
Natasha mumbles some strange words.
The cerulean imp hits you with a +2 spear!
* * * LOW HITPOINT WARNING * * *
The cerulean imp hits you with a +1 spear.
* * * LOW HITPOINT WARNING * * *
The cerulean imp closely misses you.
The cerulean imp hits you from afar with a +1 spear.
* * * LOW HITPOINT WARNING * * *
It was a potion of curing.
You feel better.
Natasha extends her claws.
The cerulean imp hits you from afar with a +2 spear.
The cerulean imp hits you from afar with a +1 spear.
The cerulean imp hits you but does no damage.
You feel better. The cerulean imp barely misses you.
The cerulean imp closely misses you.
The cerulean imp hits you from afar with a +1 spear.
A red film seems to cover your vision as you go berserk!
You feel yourself moving faster!
You feel mighty!
The cerulean imp hits you from afar with a +2 spear.
The cerulean imp hits you from afar with a +1 spear. x2
You feel a strong urge to attack something.
The cerulean imp hits you from afar with a +2 spear.
The cerulean imp closely misses you. The cerulean imp barely misses you.
You hit the cerulean imp.
The cerulean imp is moderately wounded.
You slash the cerulean imp! x2
The cerulean imp hits you with a +2 spear!
* * * LOW HITPOINT WARNING * * *
The cerulean imp barely misses you.
The cerulean imp hits you with a +1 spear.
* * * LOW HITPOINT WARNING * * *
You slash the cerulean imp!
You kill the cerulean imp!
The cerulean imp disappears in a puff of smoke!
You barely miss the cerulean imp. You hit the cerulean imp.
The cerulean imp hits you with a +1 spear.
You die...

..รท..###.# .##(.#
.(##.###.###. # ##
.##..<.......>
.###.
....########.#
#.#.# ...# #.#
#...# #..# #.#
#...## ..)#
##.###h5..#### ..##
##...##@#.!....
..#####
#.......5......
......#
#.....###......
.####.# #.#.#.#
..#### .# #.#
#.#.#.# #.# .# #.#
#.#.#.# .#.. .# #.#
#.....#... ## .#
#.# #..#.....#
.####.#####....##.#


You could see Natasha and 2 cerulean imps.

Vanquished Creatures
  An adder (D:2)
  6 bats
  5 endoplasms
  3 giant cockroaches
  2 goblins (D:1)
  4 hobgoblins
  A quokka (D:1)
  3 ball pythons (D:1)
  2 frilled lizards (D:1)
  5 rats
32 creatures vanquished.

Notes
Turn   | Place    | Note
-------+----------+-------------------------------------------
     0 | D:1      | cbfl8 the Demonspawn Berserker began the quest for the Orb.
     0 | D:1      | Reached XP level 1. HP: 18/18 MP: 1/1
   162 | D:1      | Gained mutation: You have a small tail. [demonic ancestry]
   162 | D:1      | Reached XP level 2. HP: 21/24 MP: 2/2
   617 | D:1      | Reached skill level 1 in Evocations
  1023 | D:2      | Reached ** piety under Trog
  1028 | D:2      | Gained mutation: You may rarely emit foul miasma when
                  | damaged in melee. [demonic ancestry]
  1028 | D:2      | Reached XP level 3. HP: 9/29 MP: 3/3
  1309 | D:2      | Noticed Natasha
  1321 | D:2      | Slain by a cerulean imp

Illustrated notes

Levels and vault maps discovered:
D:1:      dpeg_arrival_leaves_temple_mockup, layout_basic, serial_bayou_pond_d,
          nicolae_houndstooth_variations
D:2:      layout_loops_ring, minmay_hexomino_u4, uniq_natasha

Skill      XL: |  1  2 |
---------------+-------+-----
Axes           | 3 |  3.3
Armour         | 2 |  2.0
Evocations     | 1 |  1.3
Fighting       | |  3.4
Dodging        | |  1.7

Action                     || total
---------------------------++-------
  Melee: Hand axe          ||    76
         Tailslap          ||     3
 Invoke: Berserk           ||     2
    Use: Potion            ||     3
   Stab: Sleeping          ||     3
 Armour: Animal skin       ||    66
  Dodge: Dodged            ||    68
